 Dungeon Crawl Stone Soup version 0.28-a0-413-gde365fb (webtiles) character file.

Game seed: 12004163788653694416

12804 Sixotanaka the Slicer (level 11, -2/72 HPs)
             Began as a Merfolk Ice Elementalist on Sept 7, 2021.
             Was a Priest of Vehumet.
             Constricted to death by a naga (5 damage)
             ... on level 3 of the Lair of Beasts.
             The game lasted 00:40:14 (17721 turns).

Sixotanaka the Slicer (Merfolk Ice Elementalist)   Turns: 17721, Time: 00:40:14

Health: -2/72      AC:  4    Str: 10    XL:     11   Next: 99%
Magic:  13/14      EV: 13    Int: 17    God:    Vehumet [***...]
Gold:   645        SH:  5    Dex: 14    Spells: 3/14 levels left

rFire   . . .      SeeInvis .   a - +2 rapier (venom)
rCold   . . .      Faith    +   p - +0 buckler
rNeg    . . .      Spirit   .   F - +0 leather armour
rPois   .          Reflect  .   (helmet restricted)
rElec   .          Harm     .   q - +1 cloak
rCorr   +          Rampage  .   E - +0 pair of gloves
Will    .....                   (no boots)
Stlth   ++........              y - amulet of faith
HPRegen 0.22/turn               n - ring of resist corrosion
MPRegen 0.14/turn               (no ring)

@: lethally poisoned (-2 -> -11), very slightly contaminated, constricted,
invisible
A: (nimble swimmer 2), mertail, horns 1, deformed body
a: Renounce Religion


You were on level 3 of the Lair of Beasts.
You worshipped Vehumet.
Vehumet was most pleased with you.
You visited 3 branches of the dungeon, and saw 15 of its levels.

You collected 645 gold pieces.

Inventory:

Hand Weapons
 a - a +2 rapier of venom (weapon)
 d - a +0 short sword
 o - a +1 short sword of draining
 D - a +0 dagger
Missiles
 r - 5 throwing nets
Armour
 p - a +0 buckler (worn)
 q - a +1 cloak (worn)
 E - a +0 pair of gloves (worn)
 F - a +0 leather armour (worn)
Magical Staves
 b - a staff of conjuration
Jewellery
 n - a ring of resist corrosion (left hand)
 y - an amulet of faith (around neck)
Wands
 k - a wand of acid (9)
 x - a wand of charming (6)
 A - a wand of paralysis (12)
 C - a wand of iceblast (6)
Scrolls
 e - 2 scrolls of enchant weapon
 f - 5 scrolls of teleportation
 h - a scroll of immolation {unknown}
 i - 3 scrolls of amnesia
 l - a scroll of enchant armour {unknown}
 t - a scroll of magic mapping
 u - 2 scrolls of blinking {unknown}
 H - a scroll of silence {unknown}
Potions
 c - 2 potions of invisibility
 g - a potion of haste {unknown}
 m - a potion of mutation
 s - 2 potions of berserk rage {unknown}
 v - a potion of attraction {unknown}
 w - a potion of flight {unknown}
 z - 2 potions of brilliance {unknown}
 B - a potion of magic {unknown}
 G - 2 potions of heal wounds {unknown}
 I - a potion of lignification {unknown}


   Skills:
 + Level 1.9 Fighting
 + Level 12.8 Short Blades
 - Level 10.0 Dodging
 - Level 2.1 Stealth
 - Level 4.0 Shields
 - Level 2.0 Spellcasting
 + Level 4.5 Conjurations
 - Level 12.7 Ice Magic


You had 3 spell levels left.
You knew the following spells:

 Your Spells              Type           Power      Damage    Failure   Level
a - Freeze                Ice            100%       1d11      1%          1
b - Frozen Ramparts       Ice            88%        1d10      1%          3
c - Ozocubu's Armour      Ice            44%        N/A       1%          3
d - Hailstorm             Conj/Ice       31%        3d8       2%          4

Your spell library contained the following spells:

 Spells                   Type           Power      Damage    Failure   Level
 Sticky Flame             Conj/Fire      9%         2d3       26%         4
 Foxfire                  Conj/Fire      36%        2x1d5     3%          1
 Ensorcelled Hibernation  Hex/Ice        46%        N/A       3%          2
 Sandblast                Erth           2%         2d4       7%          1
 Conjure Flame            Conj/Fire      9%         6-21      9%          3
 Stone Arrow              Conj/Erth      18%        3d8       9%          3
 Ignite Poison            Fire/Tmut/Pois 1%         N/A       21%         3
 Inner Flame              Hex/Fire       1%         N/A       21%         3
 Animate Skeleton         Necr           2%         N/A       26%         1
 Apportation              Tloc           2%         N/A       26%         1
 Pain                     Necr           4%         1d4       26%         1
 Summon Small Mammal      Summ           4%         N/A       26%         1
 Passwall                 Tmut/Erth      0%         N/A       36%         2
 Tukima's Dance           Hex            1%         N/A       61%         3
 Vampiric Draining        Necr           0%         2d6       61%         3
 Flame Wave               Conj/Fire      9%         3d4       26%         4


Dungeon Overview and Level Annotations

Branches:
Dungeon (10/15)            Temple (1/1) D:4            Lair (4/6) D:9
  Snake (0/4) Lair:3          Orc (0/2) D:9
  Swamp: Lair:2-4    Shoals: Lair:2-4

Altars:
Cheibriados
Dithmenos
Fedhas
Gozag
Kikubaaqudgha
Makhleb
Nemelex Xobeh
Okawaru
Ru
Sif Muna
Trog
Vehumet
Wu Jian
Xom
Yredelemnul
Zin
The Shining One

Annotations:
D:3 4 exclusions, Sigmund
D:10 Erolcha


Innate Abilities, Weirdness & Mutations

((You are quick and stealthy near water. (Stealth+, EV+, Speed+++)))
Your lower body shifts to a powerful aquatic tail in water.
You have a pair of small horns on your head.
Armour fits poorly on your strangely shaped body.


Message History

Casting: Ozocubu's Armour (safe; 1% risk of failure)
Confirm with . or Enter, or press ? or * to list all spells.
Aiming: Freeze (safe; 1% risk of failure)
Press: ? - help, Shift-Dir - straight line, f - naga
Aim: a naga, wielding a +1 trident of venom and wearing a +0 robe (constricting you)
You freeze the naga.
The naga is lightly wounded.
The naga hits you with a +1 trident of venom.
* * * LOW HITPOINT WARNING * * *
You are poisoned.
The naga constricts you.
* * * LOW HITPOINT WARNING * * *
Unknown command.
As you read the scroll labelled UCWOBE ELITE, it crumbles to dust.
You feel aware of your surroundings.
It was a scroll of magic mapping.
You feel very sick. The naga misses you. The naga constricts you.
* * * LOW HITPOINT WARNING * * *
Okay, then.
You fade into invisibility!
You feel sick. The naga spits poison at you.
The splash of poison hits you but does no damage.
You are lethally poisoned!
The naga constricts you.
* * * LOW HITPOINT WARNING * * *
You are very lightly contaminated with residual magic.
Casting: Freeze (safe; 1% risk of failure)
Confirm with . or Enter, or press ? or * to list all spells.
Okay, then.
Casting: Freeze (safe; 1% risk of failure)
Confirm with . or Enter, or press ? or * to list all spells.
Okay, then.
Okay, then.
It was a potion of mutation.
You feel extremely strange.
Your body twists and deforms.
A pair of horns grows on your head!
* * * LOW HITPOINT WARNING * * *
You feel very sick. The naga barely misses you. The naga constricts you.
You die...

#....### #..## #....# # ###..####
#######..### ##...#
###.....#.###.#.##.....####...##
...............................#
..............................P#
....###.##..#......#####P###..##
....#########...###########...#
....##..#####...##....######∩.#
................@.............#
................N.............#
#...#..#.#....................#
#########.....................##
#....>.................#*
*****####..................<..#.#
,,.#P#.........................##
,....P...........................
,................................


You could see a naga (catching breath).

Vanquished Creatures
  Erica (D:9)
  A death yak (D:9)
  A black mamba (Lair:1)
  An elephant (D:9)
  Joseph (D:7)
  7 cane toads
  A komodo dragon (Lair:2)
  5 blink frogs (Lair:1)
  Prince Ribbit (D:9)
  A wyvern (Lair:1)
  10 yaks
  A basilisk (Lair:2)
  A steam dragon (D:7)
  Grum (D:8)
  2 nagas
  4 water moccasins
  4 black bears
  An ice beast (D:5)
  6 orc warriors
  3 necrophages (D:8)
  6 wolves
  3 ogres
  3 centaurs
  4 kobold brigands
  9 bullfrogs
  2 gnoll sergeants
  2 scorpions
  A killer bee (D:8)
  2 howler monkeys
  A bullfrog zombie (D:6)
  7 centaur zombies (D:8)
  2 hounds (D:6)
  A gnoll shaman (D:6)
  2 jellies
  A human zombie (D:8)
  2 orc priests (D:9)
  A bullfrog skeleton (D:6)
  3 centaur skeletons
  5 iguanas
  5 orc wizards
  4 hell rats (Lair:2)
  A mummy (D:8)
  14 gnolls
  4 adders
  A shadow imp (D:6)
  3 white imps
  A dart slug (D:3)
  26 orcs
  9 endoplasms
  3 giant cockroaches
  7 goblins
  6 hobgoblins
  4 jackals (D:1)
  5 quokkas
  2 ball pythons (D:4)
  8 bats
  5 frilled lizards
  28 kobolds
  4 rats
250 creatures vanquished.

Vanquished Creatures (others)
  18 fungi
  15 plants
33 creatures vanquished.

Grand Total: 283 creatures vanquished

Notes
Turn   | Place    | Note
-------+----------+-------------------------------------------
     0 | D:1      | Sixotanaka the Merfolk Ice Elementalist began the quest for
                  | the Orb.
     0 | D:1      | Reached XP level 1. HP: 13/13 MP: 3/3
   276 | D:1      | Reached skill level 1 in Short Blades
   292 | D:1      | Reached XP level 2. HP: 19/19 MP: 3/5
   964 | D:1      | Found a faded altar of an unknown god.
  1032 | D:1      | Reached XP level 3. HP: 18/24 MP: 2/6
  1106 | D:1      | Reached skill level 5 in Ice Magic
  2575 | D:3      | Found a snail-covered altar of Cheibriados.
  2676 | D:3      | Noticed Sigmund
  2851 | D:3      | Noticed a scorpion
  2860 | D:3      | Learned a level 3 spell: Frozen Ramparts
  2974 | D:3      | Killed a scorpion
  2975 | D:3      | Reached skill level 1 in Shields
  2975 | D:3      | Reached XP level 4. HP: 30/30 MP: 0/7
  3051 | D:3      | Reached XP level 5. HP: 35/35 MP: 8/8
  3488 | D:3      | Found a sacrificial altar of Ru.
  3740 | D:3      | Learned a level 3 spell: Ozocubu's Armour
  4594 | D:4      | Reached XP level 6. HP: 35/41 MP: 5/9
  4823 | D:4      | Found a staircase to the Ecumenical Temple.
  4832 | Temple   | Entered the Ecumenical Temple
  4963 | Temple   | Became a worshipper of Vehumet
  5306 | D:5      | Entered Level 5 of the Dungeon
  5496 | D:4      | Reached XP level 7. HP: 21/46 MP: 0/10
  5868 | D:5      | Reached skill level 5 in Short Blades
  6007 | D:5      | Found a shadowy altar of Dithmenos.
  6025 | D:5      | Found a basalt altar of Yredelemnul.
  6473 | D:5      | Found a sparkling altar of Nemelex Xobeh.
  7157 | D:6      | Reached XP level 8. HP: 20/52 MP: 2/11
  7856 | D:6      | Identified the +1 leather armour "Teemp" {-Cast Will++
                  | rCorr Int-5}
  8036 | D:7      | Noticed Joseph
  8092 | D:7      | Noticed a shadow
  9455 | D:7      | Reached * piety under Vehumet
  9455 | D:7      | Offered knowledge of Sandblast by Vehumet.
  9608 | D:7      | Killed Joseph
  9609 | D:7      | Reached XP level 9. HP: 26/57 MP: 2/12
 10776 | D:8      | Reached skill level 10 in Ice Magic
 10826 | D:8      | Noticed Grum
 10849 | D:8      | Killed Grum
 10850 | D:8      | Reached skill level 10 in Short Blades
 11413 | D:8      | Offered knowledge of Poisonous Vapours by Vehumet.
 11434 | D:8      | Found an ancient bone altar of Kikubaaqudgha.
 11440 | D:8      | Reached ** piety under Vehumet
 11522 | D:8      | Reached XP level 10. HP: 63/63 MP: 13/13
 11686 | D:8      | Reached skill level 5 in Dodging
 12805 | D:9      | Found a staircase to the Orcish Mines.
 12908 | D:9      | Noticed an elephant
 12925 | D:9      | Killed an elephant
 13051 | D:9      | Noticed a death yak
 13079 | D:9      | Killed a death yak
 13232 | D:9      | Found a staircase to the Lair.
 13253 | D:9      | Found a glowing silver altar of Zin.
 13256 | D:9      | Found a shimmering blue altar of Sif Muna.
 13258 | D:9      | Found an ornate altar of the Wu Jian Council.
 13279 | D:9      | Offered knowledge of Dazzling Flash by Vehumet.
 13338 | D:9      | Noticed Erica
 13351 | D:9      | Killed Erica
 13553 | D:9      | Noticed Prince Ribbit
 13565 | D:9      | Killed Prince Ribbit
 13565 | D:9      | Reached *** piety under Vehumet
 13608 | D:9      | Learned a level 4 spell: Hailstorm
 13901 | D:10     | Entered Level 10 of the Dungeon
 13901 | D:10     | Noticed Erolcha
 13926 | Lair:1   | Entered Level 1 of the Lair of Beasts
 13979 | Lair:1   | Reached XP level 11. HP: 61/68 MP: 8/14
 14055 | Lair:1   | Reached skill level 1 in Conjurations
 14660 | Lair:1   | Offered knowledge of Sticky Flame by Vehumet.
 15514 | Lair:2   | Noticed an eight-headed hydra
 15514 | Lair:2   | Noticed a six-headed hydra
 15514 | Lair:2   | Noticed a seven-headed hydra
 16569 | Lair:2   | Noticed a catoblepas
 17251 | Lair:3   | Reached skill level 10 in Dodging
 17445 | Lair:4   | Noticed a seven-headed hydra
 17498 | Lair:3   | Reached skill level 1 in Fighting
 17721 | Lair:3   | Gained mutation: Armour fits poorly on your strangely
                  | shaped body. [potion of mutation]
 17721 | Lair:3   | Gained mutation: You have a pair of small horns on your
                  | head. [potion of mutation]
 17721 | Lair:3   | HP: 3/72 [poisoned by a naga (splash of poison)]
 17721 | Lair:3   | Constricted to death by a naga

Illustrated notes

Levels and vault maps discovered:
D:1:      eino_arrival_cavern_a, layout_loops_ring,
          dilly_ecumenical_altar_fadedgnrine, minmay_close_crescents
D:2:      layout_basic
D:3:      layout_loops_corners, old_standard_altar, marbit_many_paths,
          uniq_sigmund
D:4:      layout_cave_pods, temple_fountains, serial_forest,
          infiniplex_forest_clump_curved, infiniplex_forest_clump_long,
          infiniplex_forest_zigzag_2, infiniplex_forest_clump_tiny,
          infiniplex_forest_clump_medium, infiniplex_forest_lined_room_,
          infiniplex_forest_zigzag_1, roderic_lattice_a
D:5:      layout_gridville, mainiacjoe_overflow_small_starburst,
          nemelex_diamond_rough_becter, lemuel_crystal_altar
D:6:      layout_loops_ring
D:7:      layout_rooms, uniq_joseph
D:8:      layout_basic, lemuel_mausoleum_altar_kikubaaqudgha, minmay_checkerbox,
          uniq_grum
D:9:      layout_loops_ring, nicolae_overflow_hidden_temple, david_lair_generic,
          david_orc_4, serial_glass, glass_columns_a, glass_columns_a,
          glass_columns_a, glass_columns_b, glass_columns_c, glass_columns_c,
          item_on_display_a, uniq_prince_ribbit1, uniq_erica
D:10:     layout_cave_pools, gammafunk_ghost_hydra_chop, minmay_misc_feat_tower,
          uniq_erolcha
Temple:   nicolae_temple_figure_eight
Lair:1:   layout_gridlike, grunt_megastairs_4
Lair:2:   layout_hall_layers
Lair:3:   layout_long_grid, minmay_snake_entry_guardpost_small,
          gauntlet_entry_generic, serial_bayou_shore_b, grunt_megastairs_2
Lair:4:   layout_regular_city, swamp_mist

Skill      XL: |  1  2  3  4  5  6  7  8  9 10 11 |
---------------+----------------------------------+-----
Short Blades   | 1 2 3 4 6 8 10 11 12 | 12.8
Ice Magic      | 5 6 7 9 11 12 | 12.7
Shields        | 1 2 3 4 |  4.0
Dodging        | 4 7 10 | 10.0
Conjurations   | 4 |  4.5
Fighting       | 1 |  1.9
Stealth        | |  2.1
Spellcasting   | |  2.0

Action                   |  1- 3 |  4- 6 |  7- 9 | 10-12 || total
-------------------------+-------+-------+-------+-------++-------
Melee: Short sword       |    34 |    28 |   187 |       ||   249
       Dagger            |     2 |       |       |       ||     2
       Rapier            |       |       |    46 |   208 ||   254
       Tailslap          |       |       |       |     5 ||     5
 Cast: Freeze            |    50 |    50 |    40 |    48 ||   188
       Frozen Ramparts   |     1 |     2 |    34 |    33 ||    70
       Ozocubu's Armour  |       |     2 |    31 |    29 ||    62
       Hailstorm         |       |       |       |     1 ||     1
  Use: Scroll            |       |       |     4 |     6 ||    10
       Potion            |       |       |     1 |     6 ||     7
 Stab: Sleeping          |     4 |     4 |     5 |     7 ||    20
Armor: Robe              |     9 |    10 |   103 |    14 ||   136
       Leather armour    |       |       |       |    30 ||    30
Dodge: Dodged            |    55 |    39 |   186 |   135 ||   415
Block: Buckler           |       |       |    24 |    31 ||    55

Table legend: (Time is in decaauts)
 A = Elapsed time spent in this place.
 B = Non-inter-level travel time spent in this place.
 C = Inter-level travel time spent in this place.
 D = Time resting spent in this place.
 E = Time spent auto-exploring this place.
 F = Levels seen in this place.
 G = Mean time per level.
                   A        B        C        D        E       F      G
               +--------+--------+--------+--------+--------+-----+--------+
         Total |  17614 |  16841 |    773 |   7240 |   6627 |  15 | 1174.3 |
       Dungeon |  13831 |  13229 |    602 |   5371 |   5747 |  10 | 1383.1 |
        Temple |    152 |    132 |     20 |      0 |    127 |   1 |  152.0 |
          Lair |   3630 |   3479 |    151 |   1869 |    753 |   4 |  907.5 |
               +--------+--------+--------+--------+--------+-----+--------+

Top non-repeatable levels by time:
     D:6: 2966 daAuts
  Lair:1: 2152 daAuts
     D:8: 2152 daAuts
     D:3: 1696 daAuts
     D:9: 1652 daAuts
     D:1: 1441 daAuts
     D:4: 1171 daAuts
     D:2: 1087 daAuts
     D:5: 1047 daAuts
  Lair:2: 934 daAuts
     D:7: 614 daAuts
  Lair:3: 541 daAuts
  Temple: 152 daAuts
  Lair:4: 1 daAuts
    D:10: 1 daAuts
